Portland Pirates vs Seattle Thunderbirds

Created - 27 octobre 2017 at 12:52

Goals
1 2 3 T
Portland Pirates 1 2 0 3
Seattle Thunderbirds 2 1 2 5
Shots
1 2 3 T
Portland Pirates 15 18 9 42
Seattle Thunderbirds 16 4 10 30

1st period

1. Seattle Thunderbirds , Peter Mueller 3 (Bracken Kearns 5) at 1:58
2. Portland Pirates , Joonas Donskoi 6 (Greg Carey 5) at 4:06
3. Seattle Thunderbirds , Matej Stransky 5 (Jamie McBain 10) at 11:37

Penalties :
Ville Pokka (PIR) for Interference (Minor) at 12:01

2nd period

4. Portland Pirates , Mike Amadio 4 (Blake Pietila 5, Martin Frk 2) at 1:21
5. Seattle Thunderbirds , Devin Setoguchi 5 (Jamie McBain 11) at 14:39
6. Portland Pirates , Joonas Donskoi 7 (Greg Carey 6) at 14:43

Penalties :
T.J. Tynan (THU) for Interference (Minor) at 19:57

3rd period

7. Seattle Thunderbirds , Devin Setoguchi 6 (Brett Sutter 4, Stefan Noesen 3) at 6:01 (PP)
8. Seattle Thunderbirds , Matej Stransky 6 (Andrew Campbell 2) at 19:52 (Empty Net)

Penalties :
Ryan Carpenter (PIR) for Holding Stick (Minor) at 5:49, David Warsofsky (PIR) for Interference (Minor) at 13:39

Goalie Stats

Pheonix Copley (PIR), 25 saves from 29 shots - (0,862), L, 5-2-1, 59:16 minutes
Adin Hill (THU), 39 saves from 42 shots - (0,929), W, 4-0-0, 60:00 minutes

Players Stats for Portland Pirates

Player Name              G  A  P  +/- PIM S  H  SB GA TA FO     MP     PP MP  PK MP  
------------------------------------------------------------------------------------
Alan Quine               0  0  0   0  0   3  5  0  0  0  8/12   14:33   0:00   1:18 
Ben Thomas               0  0  0  -1  0   0  2  0  0  0  0/0    14:24   0:00   0:22 
Blake Pietila            0  1  1   1  0   2  0  0  0  1  0/0    13:11   0:06   2:30 
Curtis Lazar             0  0  0  -3  0   1  3  0  1  1  2/2    14:19   0:33   0:00 
David Warsofsky          0  0  0  -1  2   3  1  1  0  0  0/0    21:14   1:03   0:36 
Greg Carey               0  2  2   1  0   0  3  0  1  0  9/18   17:36   1:02   0:00 
Jack Roslovic            0  0  0  -3  0   2  0  0  0  0  6/13   13:39   0:00   0:22 
Joakim Ryan              0  0  0  -1  0   0  2  0  0  1  0/0    22:43   1:03   1:57 
John Quenneville         0  0  0  -1  0   5  0  0  2  0  0/0    15:25   1:03   0:00 
Joonas Donskoi           2  0  2   2  0   7  1  0  2  1  0/0    16:36   0:06   0:22 
Kyle Clifford            0  0  0  -3  0   5  1  1  1  1  1/1    13:43   0:23   0:00 
Kyle Wood                0  0  0   1  0   2  0  2  0  1  0/0    23:44   0:56   2:23 
Landon Ferraro           0  0  0   0  0   3  3  0  1  0  2/5    16:17   0:51   2:30 
Madison Bowey            0  0  0  -1  0   0  2  1  0  1  0/0    16:50   0:56   2:02 
Martin Frk               0  1  1   0  0   4  0  0  0  0  0/0    12:17   1:02   0:00 
Mike Amadio              1  0  1   1  0   2  0  0  0  0  3/5    10:11   0:00   0:00 
Ryan Carpenter           0  0  0   2  2   1  2  1  0  1  1/2    17:45   0:51   1:18 
Ville Pokka              0  0  0   1  2   2  2  2  0  1  0/0    21:20   0:00   1:00 

Players Stats for Seattle Thunderbirds

Player Name              G  A  P  +/- PIM S  H  SB GA TA FO     MP     PP MP  PK MP  
------------------------------------------------------------------------------------
Andrew Campbell          0  1  1   2  0   0  0  2  2  0  0/0    23:08   3:00   1:19 
Bracken Kearns           0  1  1   1  0   2  4  0  0  1  11/28  19:53   2:26   1:01 
Brett Sutter             0  1  1   0  0   2  2  0  0  0  8/14   17:32   1:44   0:37 
Colin Smith              0  0  0  -1  0   3  0  0  0  1  0/2    14:27   0:00   0:00 
Devin Setoguchi          2  0  2   0  0   5  0  1  0  0  1/1    16:48   1:44   0:00 
Jacob MacDonald          0  0  0   0  0   1  0  1  1  1  0/0    12:46   0:00   0:00 
Jamie McBain             0  2  2   2  0   1  0  3  1  1  0/0    27:13   3:00   1:19 
Joey LaLeggia            0  0  0  -1  0   0  1  3  1  1  0/0    19:21   1:10   0:40 
Matej Stransky           2  0  2   2  0   6  1  1  1  0  2/4    25:39   2:26   1:02 
Matt Tennyson            0  0  0   0  0   0  1  1  0  1  0/0    12:46   0:00   0:00 
Pat Cannone              0  0  0   0  0   0  1  0  0  0  2/4     6:55   0:00   0:00 
Peter Mueller            1  0  1   2  0   5  0  2  2  1  1/2    20:02   2:26   0:20 
Rob O'Gara               0  0  0   0  0   0  0  0  0  1  0/0     4:45   0:00   0:00 
Roman Lyubimov           0  0  0  -1  0   1  2  0  0  0  0/2    14:42   0:00   0:27 
Rourke Chartier          0  0  0   1  0   0  0  0  0  0  0/0     3:28   0:00   0:00 
Sean Backman             0  0  0  -1  0   2  0  0  0  0  1/1    13:39   0:00   0:00 
Stefan Noesen            0  1  1   0  0   1  1  1  1  0  0/0    17:22   1:44   0:31 
T.J. Tynan               0  0  0   0  2   0  0  0  0  0  0/0     7:33   0:00   0:00 
Yannick Weber            0  0  0  -1  0   1  2  0  0  0  0/0    20:01   1:10   0:40 

3 Stars

1 - Matej Stransky (THU)
2 - Joonas Donskoi (PIR)
3 - Devin Setoguchi (THU)

Power Play

Portland Pirates - 0 on 1 Attempt(s) - 0,00%
Seattle Thunderbirds - 1 on 3 Attempt(s) - 33,33%

Penalty Kill

Portland Pirates - 2 on 3 Attempt(s) - 66,67% - Score 0 goal in Penalty Kill
Seattle Thunderbirds - 1 on 1 Attempt(s) - 100,00% - Score 0 goal in Penalty Kill

Team Stat

Portland Pirates - Hits : 27 - Faceoff Wins : 32 - Blocked Shots : 8 - Penalty Minutes : 6
Seattle Thunderbirds - Hits : 15 - Faceoff Wins : 26 - Blocked Shots : 15 - Penalty Minutes : 2

Official

Referees : Greg Kimmerly and Wes McCauley
Linesman : Ryan Gibbons and Mike Cvik

Game Notes

Matej Stransky has scored in a empty net!

Finance

Level 1 -- Attendance: 1470 (73,50%) -- Ticket Income 51 450 $
Level 2 -- Attendance: 772 (77,20%) -- Ticket Income 11 580 $
Total Attendance: 2242 (74,73%)
Total Ticket Income: 63 030 $
Other Income: 30 885 $
Total Income: 93 915 $

Portland Pirates

5 vs 5 Forward 
   Center                   Left Wing                Right Wing               Time % Phy DF OF 
 1 Greg Carey               Joonas Donskoi           Ryan Carpenter           30     0   2  3  
 2 Alan Quine               John Quenneville         Landon Ferraro           25     0   2  3  
 3 Jack Roslovic            Kyle Clifford            Curtis Lazar             25     0   2  3  
 4 Mike Amadio              Blake Pietila            Martin Frk               20     0   2  3  

5 vs 5 Defense 
   Defense                  Defense                                           Time % Phy DF OF 
 1 Kyle Wood                Ville Pokka                                       40     0   3  2  
 2 Joakim Ryan              David Warsofsky                                   35     0   3  2  
 3 Ben Thomas               Madison Bowey                                     25     0   3  2  
 4 Kyle Wood                Ville Pokka                                       0      0   3  2  

PowerPlay Forward 
   Center                   Left Wing                Right Wing               Time % Phy DF OF 
 1 Greg Carey               John Quenneville         Martin Frk               60     0   0  5  
 2 Ryan Carpenter           John Quenneville         Landon Ferraro           40     0   0  5  

PowerPlay Defense
   Defense                  Defense                                           Time % Phy DF OF 
 1 David Warsofsky          Joakim Ryan                                       60     0   1  4  
 2 Kyle Wood                Madison Bowey                                     40     0   1  4  

Penalty Kill 4 Players Forward 
   Center                   Wing                     Time % Phy DF OF 
 1 Landon Ferraro           Blake Pietila            60     0   4  1  
 2 Ryan Carpenter           Alan Quine               40     0   4  1  

Penalty Kill 4 Players Defense
   Defense                  Defense                  Time % Phy DF OF 
 1 Kyle Wood                Ville Pokka              60     0   5  0  
 2 Joakim Ryan              David Warsofsky          40     0   5  0  

Penalty Kill - 3 Players Forward 
   Forward                                           Time % Phy DF OF 
 1 Landon Ferraro                                    60     0   5  0  
 2 Ryan Carpenter                                    40     0   5  0  

Penalty Kill - 3 Players Defense
   Defense                  Defense                  Time % Phy DF OF 
 1 Kyle Wood                Ville Pokka              60     0   5  0  
 2 Joakim Ryan              David Warsofsky          40     0   5  0  

4 vs 4 Forward 
   Center                   Wing                     Time % Phy DF OF 
 1 Joonas Donskoi           John Quenneville         60     1   2  2  
 2 Greg Carey               Alan Quine               40     1   2  2  

4 vs 4 Defense
   Defense                  Defense                  Time % Phy DF OF 
 1 Kyle Wood                Ville Pokka              60     1   2  2  
 2 Joakim Ryan              David Warsofsky          40     1   2  2  

Last Minutes Offensive
   Center                   Left Wing                Right Wing               Defense                  Defense                  
   Greg Carey               John Quenneville         Martin Frk               Joakim Ryan              David Warsofsky          

Last Minutes Defensive
   Center                   Left Wing                Right Wing               Defense                  Defense                  
   Greg Carey               Blake Pietila            Ryan Carpenter           Kyle Wood                Ville Pokka              

Goaltenders
Starting : Pheonix Copley           
Backup : Steve Michalek           

Extra Forwards
Normal : Curtis Lazar, Kyle Clifford, Jack Roslovic - PP : Curtis Lazar, Kyle Clifford - PK : Jack Roslovic
Extra Defensemen
Normal : Ben Thomas, Madison Bowey, Joakim Ryan - PP : Ben Thomas - PK : Madison Bowey, Joakim Ryan
Penalty Shots
Joonas Donskoi, John Quenneville, Greg Carey, Alan Quine, Ryan Carpenter

Scratches
Jake Virtanen (Healthy), Radel Fazleev (Healthy), Cole Bardreau (Healthy), Brian Cooper (Healthy), Justin Bailey (Healthy)
Kyle Baun (Healthy), Oliver Kylington (Healthy), Vaclav Karabacek (Healthy)

Seattle Thunderbirds

5 vs 5 Forward 
   Center                   Left Wing                Right Wing               Time % Phy DF OF 
 1 Bracken Kearns           Peter Mueller            Matej Stransky           40     1   2  2  
 2 Brett Sutter             Stefan Noesen            Devin Setoguchi          30     1   2  2  
 3 Colin Smith              Sean Backman             Roman Lyubimov           20     1   2  2  
 4 Pat Cannone              Matej Stransky           T.J. Tynan               10     1   2  2  

5 vs 5 Defense 
   Defense                  Defense                                           Time % Phy DF OF 
 1 Jamie McBain             Andrew Campbell                                   40     1   2  2  
 2 Yannick Weber            Joey LaLeggia                                     30     1   2  2  
 3 Matt Tennyson            Jacob MacDonald                                   20     1   2  2  
 4 Rob O'Gara               Jamie McBain                                      10     1   2  2  

PowerPlay Forward 
   Center                   Left Wing                Right Wing               Time % Phy DF OF 
 1 Bracken Kearns           Peter Mueller            Matej Stransky           60     1   2  2  
 2 Brett Sutter             Stefan Noesen            Devin Setoguchi          40     1   2  2  

PowerPlay Defense
   Defense                  Defense                                           Time % Phy DF OF 
 1 Jamie McBain             Andrew Campbell                                   60     1   2  2  
 2 Yannick Weber            Joey LaLeggia                                     40     1   2  2  

Penalty Kill 4 Players Forward 
   Center                   Wing                     Time % Phy DF OF 
 1 Matej Stransky           Bracken Kearns           60     1   2  2  
 2 Peter Mueller            Stefan Noesen            40     1   2  2  

Penalty Kill 4 Players Defense
   Defense                  Defense                  Time % Phy DF OF 
 1 Jamie McBain             Andrew Campbell          60     1   2  2  
 2 Yannick Weber            Joey LaLeggia            40     1   2  2  

Penalty Kill - 3 Players Forward 
   Forward                                           Time % Phy DF OF 
 1 Matej Stransky                                    60     1   2  2  
 2 Bracken Kearns                                    40     1   2  2  

Penalty Kill - 3 Players Defense
   Defense                  Defense                  Time % Phy DF OF 
 1 Jamie McBain             Andrew Campbell          60     1   2  2  
 2 Yannick Weber            Joey LaLeggia            40     1   2  2  

4 vs 4 Forward 
   Center                   Wing                     Time % Phy DF OF 
 1 Matej Stransky           Bracken Kearns           60     1   2  2  
 2 Peter Mueller            Stefan Noesen            40     1   2  2  

4 vs 4 Defense
   Defense                  Defense                  Time % Phy DF OF 
 1 Jamie McBain             Andrew Campbell          60     1   2  2  
 2 Yannick Weber            Joey LaLeggia            40     1   2  2  

Last Minutes Offensive
   Center                   Left Wing                Right Wing               Defense                  Defense                  
   Bracken Kearns           Peter Mueller            Matej Stransky           Jamie McBain             Andrew Campbell          

Last Minutes Defensive
   Center                   Left Wing                Right Wing               Defense                  Defense                  
   Bracken Kearns           Peter Mueller            Matej Stransky           Jamie McBain             Andrew Campbell          

Goaltenders
Starting : Adin Hill                
Backup : John Muse                

Extra Forwards
Normal : Rourke Chartier, Colin Smith, Roman Lyubimov - PP : Rourke Chartier, Colin Smith - PK : Roman Lyubimov
Extra Defensemen
Normal : Matt Tennyson, Jacob MacDonald, Rob O'Gara - PP : Matt Tennyson - PK : Jacob MacDonald, Rob O'Gara
Penalty Shots
Matej Stransky, Bracken Kearns, Peter Mueller, Stefan Noesen, Devin Setoguchi

Scratches
Vincent LoVerde (Healthy), Anthony Peluso (Healthy), David Musil (Healthy), Alex Petan (Healthy)

% Time on Ice - Portland Pirates

Lines # - Real PCT - Wanted PCT - Time Play
Normal Forward
1 - 31% - 30% - 16:13
2 - 25% - 25% - 13:18
3 - 25% - 25% - 13:05
4 - 19% - 20% - 10:11
Normal Defense
1 - 39% - 40% - 20:21
2 - 35% - 35% - 18:43
3 - 26% - 25% - 13:43
4 - 0% - 0% - 0:00
PP Forward
1 - 57% - 60% - 1:08
2 - 43% - 40% - 0:51
PP Defense
1 - 53% - 60% - 1:03
2 - 47% - 40% - 0:56
PK Forward
1 - 69% - 60% - 2:52
2 - 31% - 40% - 1:18
PK Defense
1 - 57% - 60% - 2:23
2 - 43% - 40% - 1:47
PK3 Forward
1 - 0% - 60%
2 - 0% - 40%
PK3 Defense
1 - 0% - 60%
2 - 0% - 40%
44 Forward
1 - 0% - 60%
2 - 0% - 40%
44 Defense
1 - 0% - 60%
2 - 0% - 40%
Last Minute Offensive  - 1:04
Last Minute Defensive  - 0:00
Total
Forward - 60:00
Defense - 60:00

% Time on Ice - Seattle Thunderbirds

Lines # - Real PCT - Wanted PCT - Time Play
Normal Forward
1 - 30% - 40% - 16:03
2 - 31% - 30% - 16:09
3 - 26% - 20% - 13:39
4 - 13% - 10% - 6:55
Normal Defense
1 - 34% - 40% - 17:44
2 - 33% - 30% - 17:31
3 - 24% - 20% - 12:46
4 - 9% - 10% - 4:45
PP Forward
1 - 58% - 60% - 2:26
2 - 42% - 40% - 1:44
PP Defense
1 - 72% - 60% - 3:00
2 - 28% - 40% - 1:10
PK Forward
1 - 83% - 60% - 1:39
2 - 17% - 40% - 0:20
PK Defense
1 - 66% - 60% - 1:19
2 - 34% - 40% - 0:40
PK3 Forward
1 - 0% - 60%
2 - 0% - 40%
PK3 Defense
1 - 0% - 60%
2 - 0% - 40%
44 Forward
1 - 0% - 60%
2 - 0% - 40%
44 Defense
1 - 0% - 60%
2 - 0% - 40%
Last Minute Offensive  - 0:00
Last Minute Defensive  - 1:05
Total
Forward - 60:00
Defense - 60:00

Play by Play

1st period


0:01 of 1st period - Bracken Kearns wins face-off versus Greg Carey in neutral zone.
0:48 of 1st period - Wrist shot by Martin Frk.
0:48 of 1st period - Stopped by Adin Hill without a rebound.
0:49 of 1st period - Sean Backman wins face-off versus Mike Amadio in Seattle Thunderbirds zone.
1:46 of 1st period - Snap shot by Matej Stransky.
1:46 of 1st period - Shot Misses the Net.
1:48 of 1st period - Wrist shot by Matej Stransky.
1:48 of 1st period - Stopped by Pheonix Copley without a rebound.
1:49 of 1st period - Bracken Kearns wins face-off versus Jack Roslovic in Portland Pirates zone.
1:54 of 1st period - Slapshot by Peter Mueller.
1:54 of 1st period - Shot Misses the Net.
1:56 of 1st period - Snap shot by Peter Mueller.
1:56 of 1st period - Stopped by Pheonix Copley with a rebound.
1:58 of 1st period - Wrist shot by Peter Mueller.
1:58 of 1st period - Goal by Peter Mueller - Portland Pirates : 0 - Seattle Thunderbirds : 1.
1:59 of 1st period - Brett Sutter wins face-off versus Alan Quine in neutral zone.
2:49 of 1st period - Sean Backman is hit by Madison Bowey and loses puck.
4:00 of 1st period - Icing by Kyle Wood.
4:01 of 1st period - Greg Carey wins face-off versus Colin Smith in Portland Pirates zone.
4:06 of 1st period - Snap shot by Joonas Donskoi.
4:06 of 1st period - Goal by Joonas Donskoi - Portland Pirates : 1 - Seattle Thunderbirds : 1.
4:07 of 1st period - Bracken Kearns wins face-off versus Greg Carey in neutral zone.
4:21 of 1st period - Wrist shot by Matej Stransky.
4:21 of 1st period - Stopped by Pheonix Copley with a rebound.
4:33 of 1st period - Stefan Noesen is hit by Joakim Ryan and loses puck.
4:38 of 1st period - Wrist shot by John Quenneville.
4:38 of 1st period - Stopped by Adin Hill with a rebound.
4:40 of 1st period - Slapshot by Landon Ferraro.
4:40 of 1st period - Stopped by Adin Hill without a rebound.
4:41 of 1st period - Pat Cannone wins face-off versus Jack Roslovic in Seattle Thunderbirds zone.
5:08 of 1st period - Ben Thomas is hit by Brett Sutter and loses puck.
5:15 of 1st period - Snap shot by Devin Setoguchi.
5:15 of 1st period - Shot Misses the Net.
5:31 of 1st period - Wrist shot by Landon Ferraro.
5:31 of 1st period - Shot Misses the Net.
5:33 of 1st period - Slapshot by Joakim Ryan.
5:33 of 1st period - Shot Blocked by Matej Stransky.
6:01 of 1st period - Snap shot by Colin Smith.
6:01 of 1st period - Stopped by Pheonix Copley with a rebound.
6:33 of 1st period - David Warsofsky is hit by Pat Cannone and loses puck.
7:04 of 1st period - Snap shot by Landon Ferraro.
7:04 of 1st period - Shot Misses the Net.
7:10 of 1st period - John Quenneville is hit by Bracken Kearns.
7:21 of 1st period - Off-side.
7:22 of 1st period - Greg Carey wins face-off versus Brett Sutter in neutral zone.
7:31 of 1st period - Snap shot by Greg Carey.
7:31 of 1st period - Shot Misses the Net.
7:33 of 1st period - Snap shot by Joonas Donskoi.
7:33 of 1st period - Stopped by Adin Hill without a rebound.
7:34 of 1st period - Mike Amadio wins face-off versus Brett Sutter in Seattle Thunderbirds zone.
7:48 of 1st period - Wrist shot by Devin Setoguchi.
7:48 of 1st period - Shot Misses the Net.
8:54 of 1st period - Wrist shot by John Quenneville.
8:54 of 1st period - Deflect By Landon Ferraro.
8:54 of 1st period - Stopped by Adin Hill with a rebound.
8:56 of 1st period - Wrist shot by John Quenneville.
8:56 of 1st period - Stopped by Adin Hill without a rebound.
8:57 of 1st period - Brett Sutter wins face-off versus Jack Roslovic in Seattle Thunderbirds zone.
9:09 of 1st period - Wrist shot by Kyle Clifford.
9:09 of 1st period - Deflect By Curtis Lazar.
9:09 of 1st period - Shot Blocked by Jamie McBain.
9:09 of 1st period - Puck is out of play.
9:10 of 1st period - Greg Carey wins face-off versus Bracken Kearns in Seattle Thunderbirds zone.
9:37 of 1st period - Snap shot by Martin Frk.
9:37 of 1st period - Shot Blocked by Andrew Campbell.
9:39 of 1st period - Wrist shot by Blake Pietila.
9:39 of 1st period - Stopped by Adin Hill without a rebound.
9:40 of 1st period - Mike Amadio wins face-off versus Brett Sutter in Seattle Thunderbirds zone.
9:41 of 1st period - Slapshot by Martin Frk.
9:41 of 1st period - Stopped by Adin Hill with a rebound.
9:50 of 1st period - Off-side.
9:51 of 1st period - Bracken Kearns wins face-off versus Jack Roslovic in neutral zone.
9:54 of 1st period - Kyle Wood is hit by Bracken Kearns and loses puck.
10:17 of 1st period - Rob O'Gara is hit by Greg Carey and loses puck.
11:03 of 1st period - T.J. Tynan is hit by Madison Bowey and loses puck.
11:24 of 1st period - Snap shot by Devin Setoguchi.
11:24 of 1st period - Stopped by Pheonix Copley without a rebound.
11:25 of 1st period - Jack Roslovic wins face-off versus Brett Sutter in Portland Pirates zone.
11:29 of 1st period - Off-side.
11:30 of 1st period - Jack Roslovic wins face-off versus Bracken Kearns in neutral zone.
11:37 of 1st period - Wrist shot by Matej Stransky.
11:37 of 1st period - Goal by Matej Stransky - Portland Pirates : 1 - Seattle Thunderbirds : 2.
11:38 of 1st period - Bracken Kearns wins face-off versus Jack Roslovic in neutral zone.
11:49 of 1st period - Wrist shot by Bracken Kearns.
11:49 of 1st period - Shot Misses the Net.
11:51 of 1st period - Wrist shot by Peter Mueller.
11:51 of 1st period - Stopped by Pheonix Copley with a rebound.
11:53 of 1st period - Snap shot by Peter Mueller.
11:53 of 1st period - Shot Blocked by Ville Pokka.
12:01 of 1st period - Minor Penalty to Ville Pokka for Interference.
12:02 of 1st period - Bracken Kearns wins face-off versus Landon Ferraro in Portland Pirates zone.
12:03 of 1st period - Snap shot by Matej Stransky.
12:03 of 1st period - Shot Blocked by Kyle Wood.
12:05 of 1st period - Snap shot by Matej Stransky.
12:05 of 1st period - Stopped by Pheonix Copley with a rebound.
12:07 of 1st period - Slapshot by Peter Mueller.
12:07 of 1st period - Stopped by Pheonix Copley with a rebound.
12:09 of 1st period - Slapshot by Matej Stransky.
12:09 of 1st period - Stopped by Pheonix Copley with a rebound.
12:11 of 1st period - Snap shot by Jamie McBain.
12:11 of 1st period - Stopped by Pheonix Copley with a rebound.
12:13 of 1st period - Slapshot by Matej Stransky.
12:13 of 1st period - Shot Blocked by Madison Bowey.
12:15 of 1st period - Wrist shot by Matej Stransky.
12:15 of 1st period - Shot Misses the Net.
12:17 of 1st period - Snap shot by Matej Stransky.
12:17 of 1st period - Deflect By Peter Mueller.
12:17 of 1st period - Shot Misses the Net.
12:17 of 1st period - Puck is out of play.
12:18 of 1st period - Landon Ferraro wins face-off versus Bracken Kearns in Portland Pirates zone.
13:13 of 1st period - Peter Mueller is hit by Alan Quine and loses puck.
13:43 of 1st period - Icing by Andrew Campbell.
13:44 of 1st period - Alan Quine wins face-off versus Bracken Kearns in Seattle Thunderbirds zone.
13:45 of 1st period - Wrist shot by Ryan Carpenter.
13:45 of 1st period - Stopped by Adin Hill with a rebound.
13:47 of 1st period - Slapshot by Kyle Wood.
13:47 of 1st period - Shot Misses the Net.
13:49 of 1st period - Slapshot by Ryan Carpenter.
13:49 of 1st period - Shot Misses the Net.
13:51 of 1st period - Wrist shot by Ryan Carpenter.
13:51 of 1st period - Shot Misses the Net.
13:53 of 1st period - Slapshot by Ryan Carpenter.
13:53 of 1st period - Shot Misses the Net.
13:55 of 1st period - Snap shot by Kyle Wood.
13:55 of 1st period - Stopped by Adin Hill with a rebound.
13:57 of 1st period - Snap shot by Kyle Wood.
13:57 of 1st period - Deflect By Ryan Carpenter.
13:57 of 1st period - Shot Blocked by Peter Mueller.
13:57 of 1st period - Puck is out of play.
13:58 of 1st period - Devin Setoguchi wins face-off versus Landon Ferraro in Seattle Thunderbirds zone.
14:01 of 1st period - Penalty to Ville Pokka is over, Ville Pokka is back on ice.
14:05 of 1st period - Wrist shot by Stefan Noesen.
14:05 of 1st period - Stopped by Pheonix Copley without a rebound.
14:06 of 1st period - Greg Carey wins face-off versus Brett Sutter in Portland Pirates zone.
14:15 of 1st period - Snap shot by Ryan Carpenter.
14:15 of 1st period - Shot Misses the Net.
14:17 of 1st period - Slapshot by Ryan Carpenter.
14:17 of 1st period - Shot Blocked by Devin Setoguchi.
14:21 of 1st period - Snap shot by Ryan Carpenter.
14:21 of 1st period - Shot Blocked by Stefan Noesen.
15:59 of 1st period - Peter Mueller is hit by Landon Ferraro and loses puck.
16:16 of 1st period - Snap shot by Sean Backman.
16:16 of 1st period - Stopped by Pheonix Copley with a rebound.
16:20 of 1st period - Wrist shot by Roman Lyubimov.
16:20 of 1st period - Deflect By Colin Smith.
16:20 of 1st period - Stopped by Pheonix Copley without a rebound.
16:21 of 1st period - Greg Carey wins face-off versus Roman Lyubimov in Portland Pirates zone.
16:39 of 1st period - Wrist shot by Colin Smith.
16:39 of 1st period - Stopped by Pheonix Copley without a rebound.
16:40 of 1st period - Alan Quine wins face-off versus Bracken Kearns in Portland Pirates zone.
16:47 of 1st period - Wrist shot by John Quenneville.
16:47 of 1st period - Shot Misses the Net.
16:49 of 1st period - Slapshot by David Warsofsky.
16:49 of 1st period - Stopped by Adin Hill without a rebound.
16:50 of 1st period - Alan Quine wins face-off versus Bracken Kearns in Seattle Thunderbirds zone.
16:59 of 1st period - Snap shot by Alan Quine.
16:59 of 1st period - Stopped by Adin Hill without a rebound.
17:00 of 1st period - Matej Stransky wins face-off versus Greg Carey in Seattle Thunderbirds zone.
17:28 of 1st period - Brett Sutter is hit by Curtis Lazar and loses puck.
17:51 of 1st period - Roman Lyubimov is hit by Alan Quine and loses puck.
18:29 of 1st period - Colin Smith is hit by David Warsofsky and loses puck.
18:34 of 1st period - Snap shot by Joonas Donskoi.
18:34 of 1st period - Shot Misses the Net.
18:36 of 1st period - Snap shot by Joonas Donskoi.
18:36 of 1st period - Stopped by Adin Hill with a rebound.
18:38 of 1st period - Wrist shot by Greg Carey.
18:38 of 1st period - Deflect By Joonas Donskoi.
18:38 of 1st period - Shot Misses the Net.
18:38 of 1st period - Puck is out of play.
18:39 of 1st period - Kyle Clifford wins face-off versus Peter Mueller in Seattle Thunderbirds zone.
18:52 of 1st period - Snap shot by Curtis Lazar.
18:52 of 1st period - Stopped by Adin Hill with a rebound.
19:08 of 1st period - Off-side.
19:09 of 1st period - Brett Sutter wins face-off versus Alan Quine in neutral zone.
19:34 of 1st period - Joakim Ryan is hit by Bracken Kearns and loses puck.
Goals for this period are 1 for Portland Pirates vs 2 for Seattle Thunderbirds.
Shots for this period are 15 for Portland Pirates vs 16 for Seattle Thunderbirds.

2nd period


0:01 of 2nd period - Jack Roslovic wins face-off versus Bracken Kearns in neutral zone.
0:04 of 2nd period - Snap shot by Jack Roslovic.
0:04 of 2nd period - Shot Blocked by Jamie McBain.
0:06 of 2nd period - Wrist shot by Jack Roslovic.
0:06 of 2nd period - Deflect By Kyle Clifford.
0:06 of 2nd period - Stopped by Adin Hill without a rebound.
0:07 of 2nd period - Bracken Kearns wins face-off versus Jack Roslovic in Seattle Thunderbirds zone.
0:07 of 2nd period - Bracken Kearns is hit by Curtis Lazar.
0:45 of 2nd period - Wrist shot by Brett Sutter.
0:45 of 2nd period - Stopped by Pheonix Copley without a rebound.
0:46 of 2nd period - Alan Quine wins face-off versus Pat Cannone in Portland Pirates zone.
1:17 of 2nd period - Slapshot by Blake Pietila.
1:17 of 2nd period - Shot Misses the Net.
1:19 of 2nd period - Snap shot by Mike Amadio.
1:19 of 2nd period - Shot Misses the Net.
1:21 of 2nd period - Slapshot by Mike Amadio.
1:21 of 2nd period - Goal by Mike Amadio - Portland Pirates : 2 - Seattle Thunderbirds : 2.
1:22 of 2nd period - Bracken Kearns wins face-off versus Greg Carey in neutral zone.
1:38 of 2nd period - Backhand shot by Bracken Kearns.
1:38 of 2nd period - Shot Blocked by Ryan Carpenter.
1:56 of 2nd period - Wrist shot by John Quenneville.
1:56 of 2nd period - Shot Misses the Net.
1:58 of 2nd period - Snap shot by Landon Ferraro.
1:58 of 2nd period - Stopped by Adin Hill with a rebound.
2:12 of 2nd period - Curtis Lazar is hit by Yannick Weber and loses puck.
3:04 of 2nd period - Devin Setoguchi is hit by Ville Pokka and loses puck.
3:43 of 2nd period - Snap shot by Kyle Clifford.
3:43 of 2nd period - Stopped by Adin Hill with a rebound.
3:45 of 2nd period - Wrist shot by Jack Roslovic.
3:45 of 2nd period - Shot Blocked by Joey LaLeggia.
3:57 of 2nd period - Yannick Weber is hit by Ben Thomas and loses puck.
4:48 of 2nd period - Slapshot by Bracken Kearns.
4:48 of 2nd period - Shot Blocked by Kyle Clifford.
5:18 of 2nd period - Jamie McBain is hit by Joonas Donskoi and loses puck.
5:30 of 2nd period - Off-side.
5:31 of 2nd period - Alan Quine wins face-off versus Brett Sutter in neutral zone.
5:39 of 2nd period - Joakim Ryan is hit by Stefan Noesen and loses puck.
5:44 of 2nd period - Snap shot by Devin Setoguchi.
5:44 of 2nd period - Stopped by Pheonix Copley with a rebound.
5:46 of 2nd period - Wrist shot by Brett Sutter.
5:46 of 2nd period - Stopped by Pheonix Copley with a rebound.
5:56 of 2nd period - Jamie McBain is hit by Greg Carey and loses puck.
8:55 of 2nd period - Snap shot by Martin Frk.
8:55 of 2nd period - Stopped by Adin Hill with a rebound.
9:25 of 2nd period - Stefan Noesen is hit by Alan Quine and loses puck.
9:54 of 2nd period - Rob O'Gara is hit by Joakim Ryan and loses puck.
11:04 of 2nd period - Pat Cannone is hit by Greg Carey and loses puck.
11:23 of 2nd period - Colin Smith is hit by Landon Ferraro.
12:04 of 2nd period - Icing by Kyle Wood.
12:05 of 2nd period - Jack Roslovic wins face-off versus Pat Cannone in Portland Pirates zone.
12:16 of 2nd period - Wrist shot by Jack Roslovic.
12:16 of 2nd period - Stopped by Adin Hill with a rebound.
12:18 of 2nd period - Slapshot by Ville Pokka.
12:18 of 2nd period - Stopped by Adin Hill with a rebound.
12:20 of 2nd period - Snap shot by Jack Roslovic.
12:20 of 2nd period - Stopped by Adin Hill without a rebound.
12:21 of 2nd period - Brett Sutter wins face-off versus Greg Carey in Seattle Thunderbirds zone.
12:28 of 2nd period - Andrew Campbell is hit by Ryan Carpenter and loses puck.
13:02 of 2nd period - Wrist shot by Colin Smith.
13:02 of 2nd period - Deflect By Sean Backman.
13:02 of 2nd period - Shot Misses the Net.
13:02 of 2nd period - Puck is out of play.
13:03 of 2nd period - Jack Roslovic wins face-off versus Bracken Kearns in Portland Pirates zone.
13:08 of 2nd period - Wrist shot by Curtis Lazar.
13:08 of 2nd period - Shot Misses the Net.
13:35 of 2nd period - Devin Setoguchi is hit by Alan Quine and loses puck.
14:16 of 2nd period - Snap shot by Blake Pietila.
14:16 of 2nd period - Shot Misses the Net.
14:18 of 2nd period - Wrist shot by Blake Pietila.
14:18 of 2nd period - Shot Blocked by Jamie McBain.
14:20 of 2nd period - Snap shot by Martin Frk.
14:20 of 2nd period - Stopped by Adin Hill with a rebound.
14:22 of 2nd period - Snap shot by David Warsofsky.
14:22 of 2nd period - Stopped by Adin Hill without a rebound.
14:23 of 2nd period - Brett Sutter wins face-off versus Jack Roslovic in Seattle Thunderbirds zone.
14:23 of 2nd period - Brett Sutter is hit by Kyle Clifford.
14:39 of 2nd period - Slapshot by Devin Setoguchi.
14:39 of 2nd period - Goal by Devin Setoguchi - Portland Pirates : 2 - Seattle Thunderbirds : 3.
14:40 of 2nd period - Greg Carey wins face-off versus Bracken Kearns in neutral zone.
14:43 of 2nd period - Snap shot by Joonas Donskoi.
14:43 of 2nd period - Goal by Joonas Donskoi - Portland Pirates : 3 - Seattle Thunderbirds : 3.
14:44 of 2nd period - Greg Carey wins face-off versus Matej Stransky in neutral zone.
14:59 of 2nd period - Snap shot by Matej Stransky.
14:59 of 2nd period - Shot Blocked by Kyle Wood.
15:17 of 2nd period - Brett Sutter is hit by Ville Pokka and loses puck.
15:24 of 2nd period - Kyle Wood is hit by Brett Sutter and loses puck.
15:39 of 2nd period - Backhand shot by Mike Amadio.
15:39 of 2nd period - Stopped by Adin Hill with a rebound.
15:41 of 2nd period - Backhand shot by Kyle Wood.
15:41 of 2nd period - Stopped by Adin Hill with a rebound.
15:43 of 2nd period - Snap shot by Mike Amadio.
15:43 of 2nd period - Deflect By Blake Pietila.
15:43 of 2nd period - Stopped by Adin Hill with a rebound.
15:45 of 2nd period - Slapshot by Ville Pokka.
15:45 of 2nd period - Deflect By Roman Lyubimov.
15:45 of 2nd period - Stopped by Adin Hill with a rebound.
15:47 of 2nd period - Slapshot by Ville Pokka.
15:47 of 2nd period - Shot Blocked by Joey LaLeggia.
15:54 of 2nd period - Icing by Roman Lyubimov.
15:55 of 2nd period - Jack Roslovic wins face-off versus Bracken Kearns in Seattle Thunderbirds zone.
16:32 of 2nd period - Wrist shot by Jack Roslovic.
16:32 of 2nd period - Shot Misses the Net.
16:34 of 2nd period - Snap shot by Kyle Clifford.
16:34 of 2nd period - Stopped by Adin Hill with a rebound.
16:36 of 2nd period - Snap shot by Kyle Clifford.
16:36 of 2nd period - Stopped by Adin Hill without a rebound.
16:37 of 2nd period - Bracken Kearns wins face-off versus Greg Carey in Seattle Thunderbirds zone.
17:13 of 2nd period - Off-side.
17:14 of 2nd period - Bracken Kearns wins face-off versus Alan Quine in neutral zone.
19:09 of 2nd period - Backhand shot by Joonas Donskoi.
19:09 of 2nd period - Stopped by Adin Hill without a rebound.
19:10 of 2nd period - Pat Cannone wins face-off versus Greg Carey in Seattle Thunderbirds zone.
19:57 of 2nd period - Minor Penalty to T.J. Tynan for Interference.
19:58 of 2nd period - Matej Stransky wins face-off versus Greg Carey in Seattle Thunderbirds zone.
Goals for this period are 2 for Portland Pirates vs 1 for Seattle Thunderbirds.
Shots for this period are 18 for Portland Pirates vs 4 for Seattle Thunderbirds.

3rd period


0:01 of 3rd period - Greg Carey wins face-off versus Matej Stransky in neutral zone.
0:04 of 3rd period - Slapshot by John Quenneville.
0:04 of 3rd period - Stopped by Adin Hill with a rebound.
0:06 of 3rd period - Slapshot by John Quenneville.
0:06 of 3rd period - Stopped by Adin Hill with a rebound.
0:08 of 3rd period - Slapshot by David Warsofsky.
0:08 of 3rd period - Stopped by Adin Hill with a rebound.
1:57 of 3rd period - Penalty to T.J. Tynan is over, T.J. Tynan is back on ice.
2:00 of 3rd period - Wrist shot by Joonas Donskoi.
2:00 of 3rd period - Stopped by Adin Hill without a rebound.
2:01 of 3rd period - Curtis Lazar wins face-off versus Roman Lyubimov in Seattle Thunderbirds zone.
2:24 of 3rd period - Curtis Lazar is hit by Matt Tennyson and loses puck.
2:31 of 3rd period - Snap shot by Colin Smith.
2:31 of 3rd period - Deflect By Roman Lyubimov.
2:31 of 3rd period - Stopped by Pheonix Copley without a rebound.
2:32 of 3rd period - Mike Amadio wins face-off versus Bracken Kearns in Portland Pirates zone.
2:57 of 3rd period - Yannick Weber is hit by Alan Quine and loses puck.
3:39 of 3rd period - T.J. Tynan is hit by Curtis Lazar and loses puck.
4:21 of 3rd period - Wrist shot by Alan Quine.
4:21 of 3rd period - Shot Blocked by Matt Tennyson.
4:23 of 3rd period - Wrist shot by Alan Quine.
4:23 of 3rd period - Stopped by Adin Hill with a rebound.
4:25 of 3rd period - Snap shot by John Quenneville.
4:25 of 3rd period - Shot Misses the Net.
4:35 of 3rd period - Madison Bowey is hit by Roman Lyubimov and loses puck.
4:58 of 3rd period - Wrist shot by Brett Sutter.
4:58 of 3rd period - Shot Misses the Net.
5:00 of 3rd period - Slapshot by Devin Setoguchi.
5:00 of 3rd period - Stopped by Pheonix Copley with a rebound.
5:49 of 3rd period - Minor Penalty to Ryan Carpenter for Holding Stick.
5:50 of 3rd period - Brett Sutter wins face-off versus Landon Ferraro in Portland Pirates zone.
5:59 of 3rd period - Wrist shot by Brett Sutter.
5:59 of 3rd period - Shot Misses the Net.
6:01 of 3rd period - Snap shot by Devin Setoguchi.
6:01 of 3rd period - Goal by Devin Setoguchi - Portland Pirates : 3 - Seattle Thunderbirds : 4.
6:02 of 3rd period - Alan Quine wins face-off versus Bracken Kearns in neutral zone.
6:15 of 3rd period - Bracken Kearns is hit by Landon Ferraro and loses puck.
6:51 of 3rd period - Snap shot by Sean Backman.
6:51 of 3rd period - Stopped by Pheonix Copley without a rebound.
6:52 of 3rd period - Alan Quine wins face-off versus Colin Smith in Portland Pirates zone.
7:01 of 3rd period - Slapshot by John Quenneville.
7:01 of 3rd period - Deflect By Alan Quine.
7:01 of 3rd period - Shot Blocked by Joey LaLeggia.
7:01 of 3rd period - Puck is out of play.
7:02 of 3rd period - Alan Quine wins face-off versus Bracken Kearns in Seattle Thunderbirds zone.
7:37 of 3rd period - Slapshot by Devin Setoguchi.
7:37 of 3rd period - Shot Misses the Net.
7:53 of 3rd period - Wrist shot by Colin Smith.
7:53 of 3rd period - Shot Blocked by David Warsofsky.
8:35 of 3rd period - Snap shot by Roman Lyubimov.
8:35 of 3rd period - Deflect By Sean Backman.
8:35 of 3rd period - Shot Misses the Net.
8:35 of 3rd period - Puck is out of play.
8:36 of 3rd period - Bracken Kearns wins face-off versus Greg Carey in Portland Pirates zone.
8:42 of 3rd period - Off-side.
8:43 of 3rd period - Peter Mueller wins face-off versus Ryan Carpenter in neutral zone.
8:46 of 3rd period - Slapshot by Yannick Weber.
8:46 of 3rd period - Stopped by Pheonix Copley with a rebound.
9:08 of 3rd period - Slapshot by Bracken Kearns.
9:08 of 3rd period - Shot Misses the Net.
9:18 of 3rd period - Wrist shot by Bracken Kearns.
9:18 of 3rd period - Stopped by Pheonix Copley with a rebound.
9:48 of 3rd period - Snap shot by Peter Mueller.
9:48 of 3rd period - Stopped by Pheonix Copley without a rebound.
9:49 of 3rd period - Brett Sutter wins face-off versus Mike Amadio in Portland Pirates zone.
11:15 of 3rd period - Backhand shot by John Quenneville.
11:15 of 3rd period - Deflect By Stefan Noesen.
11:15 of 3rd period - Stopped by Adin Hill with a rebound.
11:17 of 3rd period - Snap shot by Landon Ferraro.
11:17 of 3rd period - Shot Misses the Net.
11:29 of 3rd period - Kyle Clifford is hit by Roman Lyubimov and loses puck.
11:49 of 3rd period - Joakim Ryan is hit by Joey LaLeggia and loses puck.
11:52 of 3rd period - Snap shot by Ryan Carpenter.
11:52 of 3rd period - Deflect By Greg Carey.
11:52 of 3rd period - Shot Blocked by Peter Mueller.
11:52 of 3rd period - Puck is out of play.
11:53 of 3rd period - Greg Carey wins face-off versus Bracken Kearns in Seattle Thunderbirds zone.
12:00 of 3rd period - Snap shot by Bracken Kearns.
12:00 of 3rd period - Stopped by Pheonix Copley with a rebound.
12:02 of 3rd period - Snap shot by Bracken Kearns.
12:02 of 3rd period - Shot Blocked by Ville Pokka.
12:04 of 3rd period - Slapshot by Jacob MacDonald.
12:04 of 3rd period - Stopped by Pheonix Copley without a rebound.
12:05 of 3rd period - Brett Sutter wins face-off versus Alan Quine in Portland Pirates zone.
12:30 of 3rd period - Kyle Wood is hit by Bracken Kearns and loses puck.
12:53 of 3rd period - Wrist shot by Joonas Donskoi.
12:53 of 3rd period - Stopped by Adin Hill with a rebound.
12:59 of 3rd period - Kyle Wood is hit by Yannick Weber and loses puck.
13:20 of 3rd period - Snap shot by Kyle Clifford.
13:20 of 3rd period - Stopped by Adin Hill with a rebound.
13:22 of 3rd period - Snap shot by Curtis Lazar.
13:22 of 3rd period - Shot Misses the Net.
13:39 of 3rd period - Minor Penalty to David Warsofsky for Interference.
13:40 of 3rd period - Landon Ferraro wins face-off versus Bracken Kearns in Portland Pirates zone.
14:31 of 3rd period - Snap shot by Alan Quine.
14:31 of 3rd period - Stopped by Adin Hill without a rebound.
14:32 of 3rd period - Ryan Carpenter wins face-off versus Bracken Kearns in Seattle Thunderbirds zone.
15:39 of 3rd period - Penalty to David Warsofsky is over, David Warsofsky is back on ice.
16:04 of 3rd period - Stefan Noesen is hit by Ryan Carpenter and loses puck.
16:09 of 3rd period - Snap shot by Joonas Donskoi.
16:09 of 3rd period - Shot Blocked by Jacob MacDonald.
16:38 of 3rd period - Kyle Wood is hit by Matej Stransky and loses puck.
17:26 of 3rd period - Joey LaLeggia is hit by Ben Thomas and loses puck.
19:08 of 3rd period - Portland Pirates, Pheonix Copley is pulled from the net.
19:40 of 3rd period - Snap shot by Greg Carey.
19:40 of 3rd period - Shot Blocked by Andrew Campbell.
19:52 of 3rd period - Slapshot by Matej Stransky.
19:52 of 3rd period - Goal by Matej Stransky - Portland Pirates : 3 - Seattle Thunderbirds : 5.
19:52 of 3rd period - Pheonix Copley from Portland Pirates was sent back in the game.
19:53 of 3rd period - Curtis Lazar wins face-off versus Bracken Kearns in neutral zone.
Goals for this period are 0 for Portland Pirates vs 2 for Seattle Thunderbirds.
Shots for this period are 9 for Portland Pirates vs 10 for Seattle Thunderbirds.